 Dungeon Crawl Stone Soup version 0.16.1-12-gf5c4a84 (webtiles) character file.

616 Shoikan the Basher (level 7, -3/57 HPs)
             Began as a Minotaur Berserker on Apr 9, 2015.
             Was a Priest of Trog.
             Slain by a gnoll
             ... wielding a +0 spear
              (6 damage)
             ... on level 4 of the Dungeon.
             The game lasted 00:18:58 (2823 turns).

Shoikan the Basher (Minotaur Berserker)             Turns: 2823, Time: 00:18:58

Health: -3/57      AC:  6    Str: 22    XL:     7   Next: 21%
Magic:  3/3        EV:  9    Int:  6    God:    Trog [***...]
Gold:   150        SH:  2    Dex:  9    Spells: 0 memorised, 6 levels left

rFire  . . .     SeeInvis .     p - +0 flail
rCold  . . .     Clarity  .     l - +0 scale mail
rNeg   . . .     SustAb   .     f - +0 buckler
rPois  .         Gourm    .     (helmet restricted)
rElec  .         Spirit   .     (no cloak)
rCorr  .         Warding  .     (no gloves)
rMut   .         Stasis   .     (no boots)
MR     .....                    (no amulet)
Stlth  ..........               (no ring)
                                (no ring)

@: not resistant to hostile enchantments, extremely unstealthy
A: retaliatory headbutt, horns 2
a: Burn Spellbooks, Berserk, Trog's Hand, Renounce Religion


You were on level 4 of the Dungeon.
You worshipped Trog.
Trog was most pleased with you.
You were hungry.

You visited 1 branch of the dungeon, and saw 5 of its levels.

You collected 150 gold pieces.

Inventory:

Hand weapons
 p - a +0 flail (weapon)
Armour
 f - a +0 buckler (worn)
 l - a +0 scale mail (worn)
Magical devices
 t - a wand of slowing (34)
Scrolls
 a - 2 scrolls of fear {unknown}
 h - 6 scrolls of identify {unknown}
 k - 2 scrolls of magic mapping {unknown}
 m - a scroll of enchant weapon {unknown}
 u - a scroll of noise {unknown}
 v - a scroll of teleportation {unknown}
Potions
 b - a potion of might {unknown}
 d - a potion of restore abilities {unknown}
 e - a potion of agility {unknown}
 g - a potion of decay {unknown}
 n - a potion of invisibility {unknown}
 o - a potion of heal wounds
 q - a potion of haste {unknown}
 r - a potion of brilliance {unknown}
Comestibles
 c - 2 bread rations
 i - 2 meat rations
 j - a beef jerky
 s - 2 chunks of flesh


   Skills:
 - Level 3.6 Fighting
 + Level 10.0 Maces & Flails
 - Level 2.4 Armour
 - Level 2.1 Dodging


You had 6 spell levels left.
You didn't know any spells.

Dungeon Overview and Level Annotations

Branches:
Dungeon (5/15)
 Temple: D:4-7

Altars:
Ashenzari
Cheibriados
Gozag
Okawaru

Shops:
D:4 (


Innate Abilities, Weirdness & Mutations

You reflexively headbutt those who attack you in melee.
You have a pair of horns on your head.


Message History

You are feeling hungry.
The gnoll hits you with a halberd!
You closely miss the gnoll.
The gnoll is heavily wounded.
The gnoll hits you with a halberd.
The gnoll hits you from afar with a spear!
* * * LOW HITPOINT WARNING * * *
You hit the gnoll.
The gnoll is severely wounded.
The gnoll hits you but does no damage. The gnoll misses you.
You furiously retaliate!
You headbutt the gnoll!
You kill the gnoll!
Trog accepts your kill.
The gnoll hits you from afar with a spear!
* * * LOW HITPOINT WARNING * * *
You hit the gnoll shaman but do no damage.
Your headbutt misses the gnoll shaman. The gnoll shaman hits you with a club.
* * * LOW HITPOINT WARNING * * *
The gnoll hits you from afar with a spear.
You die...

.. ###'#### #...?..#
#......# ###......#####
..............####### .
#..>.............## .#
#......###g#####..###.
.#### #......#
#.g@......... ....
#......# ########.####
...
#....).#####.......####..
###.....)........g......
##########..)....###.#
#[......###.#
##.####..##.###### #..##
#.##.(.)...
##..###.##.######


You could see a gnoll shaman and a gnoll.

Vanquished Creatures
  The ghost of EmilioHeskey the Shield-Bearer, an average GrFi (D:4)
  An ogre (D:4)
  A giant frog (D:3)
  An orc wizard (D:3)
  A centaur skeleton (D:3)
  2 worker ants
  Jessica (D:2)
  3 adders (D:2)
  4 gnolls (D:4)
  2 worms (D:2)
  2 giant geckos
  6 orcs
  4 giant cockroaches
  7 hobgoblins
  10 jackals
  10 kobolds
  A quokka (D:3)
  2 ball pythons
  10 bats
  3 giant newts
  9 goblins
  7 rats
88 creatures vanquished.

Notes
Turn   | Place    | Note
--------------------------------------------------------------
     0 | D:1      | Shoikan, the Minotaur Berserker, began the quest for the Orb.
     0 | D:1      | Reached XP level 1. HP: 19/19 MP: 1/1
    93 | D:1      | Reached skill level 4 in Maces & Flails
   324 | D:1      | Reached XP level 2. HP: 24/26 MP: 1/1
   597 | D:1      | Acquired Trog's second power
   785 | D:2      | Noticed Jessica
   790 | D:2      | Killed Jessica
   790 | D:2      | Reached skill level 5 in Maces & Flails
   790 | D:2      | Reached XP level 3. HP: 31/31 MP: 2/2
   909 | D:2      | Found a snail-covered altar of Cheibriados.
   918 | D:2      | Found a shattered altar of Ashenzari.
   918 | D:2      | Found an iron altar of Okawaru.
   920 | D:2      | Found an opulent altar of Gozag.
  1249 | D:2      | Reached skill level 6 in Maces & Flails
  1249 | D:2      | Reached XP level 4. HP: 37/39 MP: 2/2
  1880 | D:3      | Reached skill level 7 in Maces & Flails
  1880 | D:3      | Reached XP level 5. HP: 33/45 MP: 2/2
  2094 | D:3      | Reached skill level 8 in Maces & Flails
  2276 | D:4      | Reached XP level 6. HP: 51/51 MP: 3/3
  2307 | D:4      | Noticed EmilioHeskey's ghost (average GrFi)
  2315 | D:4      | Killed EmilioHeskey's ghost
  2315 | D:4      | Reached skill level 9 in Maces & Flails
  2361 | D:4      | Found Tys Clam's Antique Weapon Shoppe.
  2452 | D:5      | Entered Level 5 of the Dungeon
  2656 | D:4      | Reached XP level 7. HP: 33/57 MP: 3/3
  2667 | D:4      | Noticed an ogre
  2674 | D:4      | Killed an ogre
  2674 | D:4      | Reached skill level 10 in Maces & Flails
  2823 | D:4      | Slain by a gnoll

Action                   |  1- 3 |  4- 6 |  7- 9 || total
-------------------------+-------+-------+-------++-------
Melee: Mace              |    73 |    49 |       ||   122
       Flail             |       |    91 |    14 ||   105
Invok: Trog's Hand       |     1 |     1 |       ||     2
       Berserk           |       |     1 |       ||     1
  Use: Potion            |       |     1 |       ||     1
  Eat: Chunk             |     1 |     4 |       ||     5
       Royal jelly       |       |     1 |       ||     1
